 Dungeon Crawl Stone Soup version 0.27-a0-887-gcab673c142 (webtiles) character file.

Game seed: 12887310814656330697

1470 septik the Cleaver (level 8, -9/58 (64) HPs)
             Began as a Minotaur Berserker on Apr 4, 2021.
             Was a Priest of Trog.
             Killed by divine providence
             ... invoked by an orc priest
              (14 damage)
             ... on level 6 of the Dungeon.
             The game lasted 00:09:32 (6046 turns).

septik the Cleaver (Minotaur Berserker)             Turns: 6046, Time: 00:09:33

HP:   -9/58 (64)    AC:  8    Str: 24    XL:     8   Next: 49%
MP:   7/7           EV:  5    Int:  5    God:    Trog [***...]
Gold: 264           SH:  7    Dex:  9    Spells: 7/7 levels left

rFire    . . .     SeeInvis .   E - +0 war axe
rCold    . . .     Faith    .   C - +0 kite shield
rNeg     . . .     Spirit   .   l - +0 chain mail
rPois    .         Reflect  .   (helmet restricted)
rElec    .         Harm     .   (no cloak)
rCorr    .         Rampage  .   (no gloves)
Will     .....                  (no boots)
Stlth    ..........             (no amulet)
HPRegen  0.19/turn              (no ring)
MPRegen  0.10/turn              (no ring)

@: berserk cooldown, slowed, drained, very slow
A: horns 2, retaliatory headbutt
a: Renounce Religion, Berserk, Trog's Hand


You were on level 6 of the Dungeon.
You worshipped Trog.
Trog was most pleased with you.
You visited 1 branch of the dungeon, and saw 6 of its levels.
You also visited: Ossuary.

You collected 264 gold pieces.

Inventory:

Hand Weapons
 E - a +0 war axe (weapon)
Missiles
 h - 73 stones (quivered)
Armour
 l - a +0 chain mail (worn)
 C - a +0 kite shield (worn)
Jewellery
 a - a ring of willpower
 p - a ring of ice
Wands
 q - a wand of iceblast (5)
 r - a wand of paralysis (5)
 B - a wand of digging (9)
Scrolls
 g - a scroll of silence {unknown}
 k - 4 scrolls of vulnerability
 o - a scroll of amnesia {unknown}
 t - 2 scrolls of enchant weapon {unknown}
 u - a scroll of acquirement {unknown}
 v - a scroll of brand weapon {unknown}
 w - a scroll of holy word {unknown}
 x - a scroll of identify
 y - 2 scrolls of teleportation {unknown}
Potions
 c - 4 potions of haste
 d - 3 potions of curing
 e - a potion of might {unknown}
 f - a potion of berserk rage {unknown}
 j - 2 potions of mutation
 m - a potion of ambrosia {unknown}
 n - a potion of resistance {unknown}
 s - 3 potions of heal wounds
 z - a potion of flight {unknown}
 A - a potion of cancellation {unknown}
 D - a potion of attraction {unknown}
 F - a potion of brilliance {unknown}
 G - a potion of degeneration {unknown}


   Skills:
 - Level 3.6 Fighting
 + Level 12.7 Axes
 - Level 2.4 Armour
 - Level 2.1 Dodging


You had 7 spell levels left.
You didn't know any spells.
Your spell library was empty.

Dungeon Overview and Level Annotations

Branches:
Dungeon (6/15)            Ossuary (visited)
 Temple: D:4-7

Altars:
Gozag
Uskayaw

Annotations:
D:4 3 runed translucent doors, trm's ghost, amateur DsCj


Innate Abilities, Weirdness & Mutations

You have a pair of horns on your head.
You reflexively headbutt those who attack you in melee.


Message History

You destroy the wight!
Trog accepts your kill. The wight completely misses you.
You slash the wight!
You destroy the wight!
Trog accepts your kill.
Things that are here:
a +1 spear; a +0 robe You feel a strong urge to attack something.
Things that are here:
a +0 long sword; a +0 robe You feel your anger nearly subside.
You are no longer berserk.
You are exhausted.
You feel yourself slow down.
Things that are here:
a +1 hand axe; a +0 robe
Things that are here:
a +0 long sword; a +0 robe
Things that are here:
a +1 spear; a +0 robe An orc priest and an orc wizard come into view.
The orc priest shouts!
You hear a shout!
The orc wizard casts a spell at you. The magic dart hits you.
* * * LOW HITPOINT WARNING * * *
An orc comes into view. It is wielding a +0 trident.
The orc shouts!
The orc wizard hits you but does no damage.
The orc priest hits you with a +0 dagger.
* * * LOW HITPOINT WARNING * * *
You block the orc's attack.
The orc wizard hits you but does no damage.
There is a stone staircase leading up here.
The orc priest begins to cast a cantrip, but forgets the words!
You block the orc's attack.
The orc wizard hits you with a +0 dagger.
* * * LOW HITPOINT WARNING * * *
The orc priest mumbles some strange prayers to Beogh against you.
Beogh smites you!
You die...

...#############
.......)).)...@#
...#########ooo#
.z.....$#.......
...####..$####.#
##... #...#
#...# #..[# ...#


You could see an orc priest, an orc wizard and an orc.

Vanquished Creatures
  Sigmund (D:3)
  A wraith (D:5)
  A sky beast (D:5)
  A necrophage (D:4)
  An ogre (D:4)
  A phantom (D:4)
  A water moccasin zombie (D:5)
  3 wights (D:6)
  2 jellies
  3 orc priests
  3 hounds
  An iguana (D:5)
  Ijyb (D:5)
  13 mummies
  6 adders
  A shadow imp (D:5)
  An adder skeleton (D:4)
  A worm (D:4)
  3 dart slugs
  13 orcs
  5 bats
  6 endoplasms
  4 giant cockroaches
  6 goblins
  7 hobgoblins
  6 jackals (D:1)
  4 kobolds
  7 quokkas
  8 ball pythons
  3 gnoll skeletons (Ossuary)
  A goblin skeleton (Ossuary)
  3 kobold skeletons (Ossuary)
  An orc skeleton (Ossuary)
  8 rats
  11 rat skeletons (Ossuary)
138 creatures vanquished.

Notes
Turn   | Place    | Note
-------+----------+-------------------------------------------
     0 | D:1      | septik the Minotaur Berserker began the quest for the Orb.
     0 | D:1      | Reached XP level 1. HP: 19/19 MP: 0/0
    92 | D:1      | Reached skill level 4 in Axes
   133 | D:1      | Reached XP level 2. HP: 26/26 MP: 1/1
   567 | D:1      | Reached skill level 5 in Axes
   678 | D:1      | Reached XP level 3. HP: 28/31 MP: 2/2
   881 | D:1      | Found a faded altar of an unknown god.
  1423 | D:2      | Reached ** piety under Trog
  1805 | D:2      | Reached XP level 4. HP: 39/39 MP: 3/3
  2072 | D:2      | Reached skill level 6 in Axes
  2442 | D:3      | Noticed Sigmund
  2454 | D:3      | Killed Sigmund
  2455 | D:3      | Reached skill level 8 in Axes
  2455 | D:3      | Reached XP level 5. HP: 35/45 MP: 4/4
  2945 | D:3      | Reached XP level 6. HP: 51/51 MP: 5/5
  3408 | D:4      | Found a sand-covered staircase.
  3460 | Ossuary  | Entered an ossuary
  3733 | Ossuary  | Reached skill level 9 in Axes
  3931 | Ossuary  | Reached *** piety under Trog
  4411 | Ossuary  | Reached XP level 7. HP: 54/57 MP: 6/6
  4501 | D:4      | Found a runed translucent gate.
  4502 | D:4      | Found a runed translucent gate.
  4503 | D:4      | Found a runed translucent gate.
  4503 | D:4      | Found an opulent altar of Gozag.
  4504 | D:4      | Noticed trm's ghost (amateur DsCj)
  4545 | D:4      | Reached skill level 10 in Axes
  5234 | D:4      | Found a hide-covered altar of Uskayaw.
  5404 | D:5      | Entered Level 5 of the Dungeon
  5410 | D:5      | Reached skill level 11 in Axes
  5560 | D:5      | Noticed Ijyb
  5565 | D:5      | Killed Ijyb
  5615 | D:5      | Noticed a wraith
  5625 | D:5      | Reached XP level 8. HP: 54/64 MP: 7/7
  5755 | D:5      | Reached skill level 12 in Axes
  6046 | D:6      | Killed from afar by an orc priest

Illustrated notes

Levels and vault maps discovered:
D:1:      dpeg_arrival_rooms_c, layout_basic, ebering_ecumenical_altar_box,
          chequers_serial_rivers_micro_a
D:2:      layout_basic
D:3:      layout_basic, minivault_25, uniq_sigmund
D:4:      layout_loops_ring, old_standard_altar, ebering_ghost_gozag,
          gup_ossuary_entry_pyramid, minmay_misc_feat_secret_circle
D:5:      layout_basic, uniq_ijyb
D:6:      layout_loops_ring, grunt_temple_overflow_diamond, kennysheep_mini,
          cheibrodos_sewer_entry_sluice, uniq_grinder

Skill      XL: |  1  2  3  4  5  6  7  8 |
---------------+-------------------------+-----
Axes           | 4 5 8 9 11 12 | 12.7
Fighting       | |  3.6
Armour         | |  2.4
Dodging        | |  2.1

Action                   |  1- 3 |  4- 6 |  7- 9 || total
-------------------------+-------+-------+-------++-------
Melee: Hand axe          |   116 |   164 |    56 ||   336
       Headbutt          |    16 |    40 |    18 ||    74
       War axe           |       |       |    44 ||    44
Throw: Stone             |       |     2 |       ||     2
Invok: Berserk           |     2 |     2 |     3 ||     7
       Trog's Hand       |       |     1 |     1 ||     2
  Use: Scroll            |       |     3 |     3 ||     6
Armor: Animal skin       |     7 |       |       ||     7
       Scale mail        |     9 |       |       ||     9
       Chain mail        |    30 |    47 |    41 ||   118
Dodge: Dodged            |    57 |    40 |    24 ||   121
Block: Kite shield       |       |       |    33 ||    33

Table legend: (Time is in decaauts)
 A = Elapsed time spent in this place.
 B = Non-inter-level travel time spent in this place.
 C = Inter-level travel time spent in this place.
 D = Time resting spent in this place.
 E = Time spent auto-exploring this place.
 F = Levels seen in this place.
 G = Mean time per level.
                   A        B        C        D        E       F      G
               +--------+--------+--------+--------+--------+-----+--------+
         Total |   6114 |   5931 |    183 |   1059 |   3936 |   7 |  873.4 |
       Dungeon |   5109 |   4926 |    183 |    677 |   3469 |   6 |  851.5 |
       Ossuary |   1005 |   1005 |      0 |    382 |    467 |   1 | 1005.0 |
               +--------+--------+--------+--------+--------+-----+--------+

Top non-repeatable levels by time:
     D:1: 1411 daAuts
     D:4: 1037 daAuts
     D:2: 1019 daAuts
 Ossuary: 1005 daAuts
     D:3: 960 daAuts
     D:5: 643 daAuts
     D:6: 36 daAuts
